 Dungeon Crawl Stone Soup version 0.31-a0-472-g43a2ca8e1b (console) character file.

Game seed: 5324290085513044227

2366 Lexodia the Basher (level 9, -2/40 (45) HPs)
             Began as a Tengu Hedge Wizard on Aug 6, 2023.
             Was a Priest of Wu Jian.
             Slain by an orc warlord
             ... wielding a +2 broad axe
              (25 damage)
             ... in a bailey.
             The game lasted 00:15:28 (6046 turns).

Lexodia the Basher (Tengu Hedge Wizard)             Turns: 6046, Time: 00:15:30

HP:   -2/40 (45)    AC:  9    Str: 10    XL:     9   Next: 44%
MP:   21/25         EV: 15    Int: 18    God:    Wu Jian [***...]
Gold: 437           SH:  0    Dex: 18    Spells: 7/17 levels left

rFire   + . .        t - +6 whip {freeze, Fly rF+ Dex+3 Stlth-}
rCold   . . .        (no shield)
rNeg    . . .        b - +0 robe
rPois   .            c - +0 hat
rElec   .            (no cloak)
rCorr   .            H - +2 pair of gloves
SInv    .            (boots unavailable)
Will    .....        A - amulet of faith
Stlth   +            n - +4 ring of protection
HPRegen 0.26/turn    G - ring of magical power
MPRegen 0.19/turn

%: faith
@: flying quickly and evasively, heavily drained, quick
A: beak, talons 3, nimble flight
a: Renounce Religion, Wall Jump, Serpent's Lash


You were in a bailey.
You worshipped Wu Jian.
Wu Jian was most pleased with you.
You visited 1 branch of the dungeon, and saw 7 of its levels.
You also visited: Bailey.

You collected 437 gold pieces.

Inventory:

Hand Weapons
 a - a +0 dagger
 f - a +2 flail of holy wrath
 t - the +6 whip "Acarinebane" (weapon) {freeze, Fly rF+ Dex+3 Stlth-}
   (You found it on level 3 of the Dungeon)

   Dex:       It affects your dexterity (+3).
   rF:        It protects you from fire.
   Fly:       It grants you flight.
   Stlth:     It makes you less stealthy.
Missiles
 r - 8 atropa-tipped darts
 s - 14 poisoned darts
Armour
 b - a +0 robe (worn)
 c - a +0 hat (worn)
 H - a +2 pair of gloves (worn)
Magical Staves
 u - a staff of conjuration
 D - a staff of poison
Jewellery
 n - a +4 ring of protection (left hand)
 y - the ring "Wuschocou" {Fly rC- rCorr Int+2}
   (You found it on level 4 of the Dungeon)

   [ring of flight]

   Int:       It affects your intelligence (+2).
   rC:        It makes you vulnerable to cold.
   Fly:       It grants you flight.
   rCorr:     It protects you from acid and corrosion.
 A - an amulet of faith (around neck)
 G - a ring of magical power (right hand)
Wands
 C - a wand of paralysis (9)
Scrolls
 g - 7 scrolls of identify {unknown}
 h - 2 scrolls of torment {unknown}
 i - a scroll of immolation {unknown}
 j - 8 scrolls of teleportation {unknown}
 l - a scroll of amnesia {unknown}
 q - 3 scrolls of blinking {unknown}
 w - 2 scrolls of revelation {unknown}
 z - a scroll of noise {unknown}
 B - 2 scrolls of enchant weapon {unknown}
 E - 3 scrolls of brand weapon {unknown}
 F - a scroll of poison {unknown}
 J - a scroll of enchant armour {unknown}
Potions
 d - a potion of magic
 e - a potion of might {unknown}
 k - 3 potions of haste {unknown}
 m - 2 potions of lignification {unknown}
 o - 2 potions of enlightenment {unknown}
 p - a potion of mutation {unknown}
 v - 2 potions of heal wounds
 x - 2 potions of cancellation {unknown}
 I - a potion of attraction {unknown}


   Skills:
 + Level 11.0 Maces & Flails
 - Level 2.1 Dodging
 - Level 2.0 Stealth
 + Level 4.5 Spellcasting
 - Level 5.0 Conjurations
 - Level 4.0 Summonings
 - Level 2.0 Translocations
 - Level 2.0 Air Magic
 - Level 1.0 Poison Magic


You had 7 spell levels left.
You knew the following spells:

 Your Spells              Type           Power      Damage    Failure   Level
a - Magic Dart            Conj           88%        1d7       1%          1
b - Call Imp              Summ           36%        N/A       4%          2
c - Mephitic Cloud        Conj/Pois/Air  13%        N/A       14%         3
d - Cigotuvi's Dreadful   Necr/Pois/Air  14%        N/A       14%         2
e - Blink                 Tloc           22%        N/A       10%         2

Your spell library contained the following spells:

 Spells                   Type           Power      Damage    Failure   Level
 Lesser Beckoning         Tloc           22%        N/A       10%         2
 Slow                     Hex            16%        N/A       14%         1
 Gell's Gravitas          Tloc           11%        N/A       19%         3
 Teleport Other           Tloc           11%        N/A       19%         3


Dungeon Overview and Level Annotations

Branches:
Dungeon (7/15)             Bailey (1/1)
 Temple: D:4-7

Altars:
Uskayaw
Wu Jian

Shops:
D:6 (


Innate Abilities, Weirdness & Mutations

You have a beak for a mouth.
You have claws for feet.
Your magical nature lets you fly swiftly and evasively.


Message History

The orc warlord is engulfed in dark miasma.
The orc warlord looks even sicker.
The orc warlord seems to slow down.
The orc warlord hits you with a +2 broad axe!
Huge Dmg: -35%(-14hp) hp: 43%(17hp)
The orc warlord is no longer moving slowly.
The orc warlord is engulfed in dark miasma.
The orc warlord looks as sick as possible!
Aiming: Paralyse
Press: ? - help, Shift-Dir - straight line, f - orc warlord
Aim: an orc warlord, wielding a +2 broad axe and wearing a +0 chain mail (heavily wounded, very poisoned, chance to affect: 17%)
Okay, then.
Unknown command.
Throw: 15 darts (poison)
Press: ? - help, Shift-Dir - straight line, f - orc warlord
Aim: an orc warlord, wielding a +2 broad axe and wearing a +0 chain mail (heavily wounded, very poisoned, 65% to hit)
You throw a poisoned dart. The poisoned dart hits the orc warlord.
The orc warlord is heavily wounded.
You feel less exhausted.
You see here 2 boomerangs.
Casting: Mephitic Cloud (dangerous; 14% risk of failure)
Confirm with . or Enter, or press ? or * to list all spells.
Aiming: Mephitic Cloud (dangerous; 14% risk of failure)
Press: ? - help, Shift-Dir - straight line, f/p - orc warlord
Aim: an orc warlord, wielding a +2 broad axe and wearing a +0 chain mail (heavily wounded, poisoned, chance to affect: 29%)
The ball explodes into a vile cloud!
The stinking cloud engulfs the orc warlord but does no damage.
The orc warlord is heavily wounded.
The orc warlord is engulfed in noxious fumes.
Press: ? - help, v - describe, . - travel
Here: an orc warlord, wielding a +2 broad axe and wearing a +0 chain mail (noxious fumes, heavily wounded, poisoned)
The floor.
Unknown command.
You whack the orc warlord! You freeze the orc warlord.
You claw the orc warlord, but do no damage.
Your peck misses the orc warlord.
The orc warlord is severely wounded.
The orc warlord is engulfed in noxious fumes.
The orc warlord hits you with a +2 broad axe!!
Ouch! That really hurt!
You die...

...#########......8...#
..##~~~#~~~####......##
..#~=.....~#~~#.....##
..#~?........~#....##
..##8.8...8.8~##...#
...#.........~~☼.☼.#
...#....∩....~~'°..#
...#.........~~'o..#
..##8.8...8.8~##@(.#
..#~!........~#....##
..#~=.....~#~~#.....##
..##~~~#~~~####.(....##
...#########...).(8...#
8.((.'.....'))....)...#
.....#~~~~~#)(........#
.....#~~~~~#...8..8..##
8...##~~~~~##.......##


You could see an orc warlord (poisoned).

Vanquished Creatures
  Pikel (D:5)
  Eustachio (D:5)
  A steam dragon (D:6)
  3 orc warriors
  An ice beast (D:6)
  A sky beast (D:5)
  2 black bears
  3 lemures (D:5)
  A bullfrog (D:7)
  Blork the orc (D:5)
  5 scorpions
  4 hounds
  A jelly (D:6)
  An orc priest (D:6)
  A gnoll bouda (D:5)
  Jessica (D:3)
  An iguana (D:5)
  12 adders
  3 gnolls (D:5)
  2 shadow imps (D:5)
  3 white imps
  An ufetubus (D:5)
  4 dart slugs
  11 orcs
  2 endoplasms
  4 giant cockroaches
  5 goblins
  6 hobgoblins
  21 kobolds
  8 quokkas
  9 ball pythons
  2 bats (D:1)
  A frilled lizard (D:1)
  4 rats
127 creatures vanquished.

Vanquished Creatures (collateral kills)
  Terence (D:3)
  A gnoll (D:5)
  An orc (D:4)
  A jackal (D:5)
4 creatures vanquished.

Vanquished Creatures (others)
  A jelly (D:6)
1 creature vanquished.

Grand Total: 132 creatures vanquished

Notes
Turn   | Place    | Note
-------+----------+-------------------------------------------
     0 | D:1      | Lexodia the Tengu Hedge Wizard began the quest for the Orb.
     0 | D:1      | Reached XP level 1. HP: 10/10 MP: 5/5
   183 | D:1      | Reached skill level 1 in Translocations
   222 | D:1      | Reached XP level 2. HP: 15/15 MP: 2/7
   268 | D:1      | Learned a level 2 spell: Call Imp
   800 | D:1      | Huge Dmg: 3 dmg
  1067 | D:2      | Reached XP level 3. HP: 19/19 MP: 3/8
  2058 | D:3      | Found a faded altar of an unknown god.
  2071 | D:3      | Prayed at the altar of an unknown god.
  2071 | D:3      | Became a worshipper of the Wu Jian Council
  2071 | D:3      | Reached * piety under Wu Jian
  2184 | D:3      | Noticed Jessica
  2192 | D:3      | Huge Dmg: 4 dmg
  2196 | D:3      | Huge Dmg: 6 dmg
  2197 | D:3      | Killed Jessica
  2198 | D:3      | Reached XP level 4. HP: 9/24 MP: 2/10
  2604 | D:3      | Noticed Terence
  2618 | D:3      | Huge Dmg: 5 dmg
  2620 | D:3      | Huge Dmg: 4 dmg
  2622 | D:3      | Killed Terence
  2623 | D:3      | Gained mutation: Your magical nature lets you fly swiftly
                  | and evasively. [Tengu growth]
  2623 | D:3      | Reached XP level 5. HP: 14/28 MP: 1/11
  2769 | D:3      | Identified the +6 whip "Acarinebane" {freeze, Fly rF+ Dex+3
                  | Stlth-}
  3115 | D:4      | Huge Dmg: 5 dmg
  3180 | D:4      | Noticed a black bear
  3186 | D:4      | Learned a level 3 spell: Mephitic Cloud
  3200 | D:4      | Huge Dmg: 14 dmg
  3201 | D:4      | Huge Dmg: 11 dmg
  3201 | D:4      | Killed a black bear
  3202 | D:4      | Reached skill level 1 in Maces & Flails
  3202 | D:4      | Reached XP level 6. HP: 4/32 MP: 5/12
  3426 | D:4      | Learned a level 2 spell: Cigotuvi's Dreadful Rot
  3484 | D:4      | Identified the ring "Wuschocou" {Fly rC- rCorr Int+2}
  3489 | D:4      | Reached skill level 2 in Maces & Flails
  3572 | D:4      | Found a hide-covered altar of Uskayaw.
  3819 | D:5      | Entered Level 5 of the Dungeon
  3819 | D:5      | Noticed Blork the orc
  3823 | D:5      | Huge Dmg: 12 dmg
  3824 | D:5      | Killed Blork the orc
  3825 | D:5      | Reached skill level 3 in Maces & Flails
  3825 | D:5      | Noticed a sky beast
  3844 | D:5      | Huge Dmg: 10 dmg
  3844 | D:5      | Killed a sky beast
  3845 | D:5      | Reached skill level 4 in Maces & Flails
  3845 | D:5      | Reached skill level 1 in Air Magic
  3845 | D:5      | Reached skill level 1 in Poison Magic
  3845 | D:5      | Reached XP level 7. HP: 17/36 MP: 8/14
  3980 | D:5      | Reached ** piety under Wu Jian
  4162 | D:5      | Reached skill level 5 in Maces & Flails
  4278 | D:5      | Noticed Eustachio
  4290 | D:5      | Huge Dmg: 7 dmg
  4293 | D:5      | Killed Eustachio
  4294 | D:5      | Reached skill level 6 in Maces & Flails
  4367 | D:5      | Reached XP level 8. HP: 41/41 MP: 8/15
  4571 | D:5      | Noticed Pikel
  4582 | D:5      | Killed Pikel
  4583 | D:5      | Reached skill level 8 in Maces & Flails
  4663 | D:5      | Reached skill level 9 in Maces & Flails
  5069 | D:6      | Reached *** piety under Wu Jian
  5075 | D:6      | Reached skill level 10 in Maces & Flails
  5075 | D:6      | Reached XP level 9. HP: 41/45 MP: 11/16
  5169 | D:6      | Huge Dmg: 13 dmg
  5318 | D:6      | Learned a level 2 spell: Blink
  5323 | D:6      | Found Uhurch's Weapon Shop.
  5702 | D:7      | Found a flagged portal.
  5716 | Bailey   | Entered a bailey
  5721 | Bailey   | Noticed an orc warlord
  5788 | Bailey   | Reached skill level 11 in Maces & Flails
  5788 | Bailey   | Reached skill level 5 in Conjurations
  5846 | Bailey   | Found a runed translucent gate.
  5846 | Bailey   | Found a runed translucent gate.
  5846 | Bailey   | Found a runed translucent gate.
  6018 | Bailey   | Huge Dmg: 9 dmg
  6020 | Bailey   | Huge Dmg: 14 dmg
  6046 | Bailey   | Slain by an orc warlord

Illustrated notes

Levels and vault maps discovered:
D:1:      ncdulo_watergridlock, layout_basic
D:2:      layout_basic, minmay_puff
D:3:      layout_basic, dreamdust_ecumenical_altar_hidden_monk_grotto,
          uniq_jessica, uniq_terence
D:4:      layout_cave_pools, nicolae_uskayaw_dance_hall
D:5:      minmay_thinvault, layout_rooms, kennysheep_generic_room_2, uniq_pikel,
          uniq_eustachio, uniq_blork_the_orc
D:6:      layout_basic, serial_shops, nicolae_shop_window_shopping
D:7:      layout_basic, chequers_temple_overflow_statue_of_worship,
          temple_doors_e, enter_bailey_2, chequers_serial_rivers_micro_b,
          uniq_maggie
Bailey:   bailey_axe_bossmonster_kennysheep, bailey

Skill      XL: |  1  2  3  4  5  6  7  8  9 |
---------------+----------------------------+-----
Translocations | 1 2 |  2.0
Conjurations   | 2 3 4 5 |  5.0
Summonings     | 2 3 4 |  4.0
Maces & Flails | 1 4 6 10 11 | 11.0
Spellcasting   | 4 |  4.5
Air Magic      | 1 2 |  2.0
Poison Magic   | 1 |  1.0
Dodging        | |  2.1
Stealth        | |  2.0

Action                     |  1- 3 |  4- 6 |  7- 9 || total
---------------------------+-------+-------+-------++-------
  Melee: Dagger            |    41 |     8 |       ||    49
         Kick              |    12 |     5 |    49 ||    66
         Peck              |     4 |     6 |    34 ||    44
         Punch             |       |     2 |     2 ||     4
         Whip              |       |    47 |   170 ||   217
  Throw: Dart              |       |       |     2 ||     2
   Cast: Magic Dart        |    53 |    42 |    35 ||   130
         Call Imp          |     5 |     8 |    16 ||    29
         Mephitic Cloud    |       |     1 |     6 ||     7
         Cigotuvi's Dreadf |       |       |     1 ||     1
 Invoke: Serpent's Lash    |       |       |     3 ||     3
Ability: Lunge             |     1 |     4 |    24 ||    29
         Whirlwind         |       |       |    13 ||    13
    Use: Potion            |       |     1 |       ||     1
   Stab: Sleeping          |     3 |       |       ||     3
         Confused          |       |       |     3 ||     3
         Distracted        |       |       |     1 ||     1
 Armour: Robe              |     8 |    13 |    32 ||    53
  Dodge: Dodged            |    25 |    47 |    63 ||   135

Table legend: (Time is in decaauts)
 A = Elapsed time spent in this place.
 B = Non-inter-level travel time spent in this place.
 C = Inter-level travel time spent in this place.
 D = Time resting spent in this place.
 E = Time spent auto-exploring this place.
 F = Levels seen in this place.
 G = Mean time per level.
                   A        B        C        D        E       F      G
               +--------+--------+--------+--------+--------+-----+--------+
         Total |   5788 |   5556 |    232 |    158 |   4500 |   8 |  723.5 |
       Dungeon |   5491 |   5259 |    232 |    158 |   4296 |   7 |  784.4 |
        Bailey |    297 |    297 |      0 |      0 |    204 |   1 |  297.0 |
               +--------+--------+--------+--------+--------+-----+--------+

Top non-repeatable levels by time:
     D:5: 1148 daAuts
     D:3: 1130 daAuts
     D:2: 990 daAuts
     D:1: 945 daAuts
     D:4: 671 daAuts
     D:6: 489 daAuts
  Bailey: 297 daAuts
     D:7: 115 daAuts
